 Dungeon Crawl Stone Soup version 0.30-b1-2-g02819fbbbe (webtiles) character file.

Game seed: 18437546428884636395

6260 raph the Arsonist (level 10, -6/56 HPs)
             Began as a Deep Elf Fire Elementalist on Aug 23, 2023.
             Was a Believer of Sif Muna.
             Mangled by Snorg (12 damage)
             ... on level 10 of the Dungeon.
             The game lasted 00:17:43 (11403 turns).

raph the Arsonist (Deep Elf Fire Elementalist)     Turns: 11403, Time: 00:17:44

Health: -6/56      AC: 15    Str:  5    XL:     10   Next: 62%
Magic:  24/33      EV: 15    Int: 27    God:    Sif Muna [**....]
Gold:   158        SH:  5    Dex: 15    Spells: 6/26 levels left

rFire   + . .        b - +5 dagger of the Furious {flame, rPois rF+ Int+2}
rCold   . . .        (no shield)
rNeg    . . .        I - +0 steam dragon scales
rPois   +            L - +0 hat {Will+}
rElec   .            G - +2 cloak {Stlth+}
rCorr   .            E - +0 pair of gloves
SInv    .            B - +1 pair of boots
Will    ++...        C - amulet of reflection
Stlth   +++          w - +4 ring of protection
HPRegen 0.29/turn    K - ring of magical power
MPRegen 0.23/turn

%: reflection
@: no status effects
A: no striking features
a: Renounce Religion, Channel Magic


You were on level 10 of the Dungeon.
You worshipped Sif Muna.
Sif Muna was pleased with you.
You visited 1 branch of the dungeon, and saw 10 of its levels.
You also visited: Ossuary.

You collected 392 gold pieces.
You spent 234 gold pieces at shops.

Inventory:

Hand Weapons
 a - the +7 double sword of Painful Death {drain, rPois rF+++ Int-2 Stlth+}
   (You found it on level 3 of the Dungeon)

   Int:       It affects your intelligence (-2).
   rF:        It renders you almost immune to fire.
   rPois:     It protects you from poison.
   Stlth:     It makes you more stealthy.
 b - the +5 dagger of the Furious (weapon) {flame, rPois rF+ Int+2}
   (You found it on level 6 of the Dungeon)

   Int:       It affects your intelligence (+2).
   rF:        It protects you from fire.
   rPois:     It protects you from poison.
 e - a +1 dagger
 D - a +0 shortbow
Missiles
 x - 8 poisoned darts
Armour
 l - a +1 robe
 B - a +1 pair of boots (worn)
 E - a +0 pair of gloves (worn)
 G - a +2 cloak of stealth (worn)
 I - +0 steam dragon scales (worn)
 L - a +0 hat of willpower (worn)
Jewellery
 p - a ring of poison resistance
 w - a +4 ring of protection (left hand)
 C - an amulet of reflection (around neck)
 K - a ring of magical power (right hand)
Wands
 F - a wand of roots (22)
 H - a wand of flame (22)
Scrolls
 f - 3 scrolls of fear
 g - 3 scrolls of fog
 k - 3 scrolls of enchant weapon
 s - 2 scrolls of teleportation
 u - 4 scrolls of immolation
 v - 2 scrolls of amnesia
 y - 3 scrolls of silence
 A - 2 scrolls of blinking
Potions
 c - a potion of cancellation {unknown}
 d - 3 potions of mutation
 h - 3 potions of haste
 i - 5 potions of lignification
 j - a potion of heal wounds
 m - 2 potions of berserk rage
 n - a potion of brilliance {unknown}
 o - 2 potions of flight {unknown}
 q - 7 potions of curing
 r - 3 potions of might {unknown}
 t - 2 potions of invisibility
 z - a potion of ambrosia {unknown}
 J - a potion of attraction {unknown}


   Skills:
 + Level 4.0 Fighting
 + Level 6.4 Dodging
 - Level 2.4 Stealth
 + Level 8.5 Spellcasting
 * Level 7.7 Conjurations
 - Level 7.0 Hexes
 * Level 9.8 Fire Magic
 + Level 5.1 Invocations


You had 6 spell levels left.
You knew the following spells:

 Your Spells              Type           Power      Damage    Failure   Level
a - Foxfire               Conj/Fire      100%       2x1d9     1%          1
b - Scorch                Fire           100%       2d9       1%          2
c - Inner Flame           Hex/Fire       55%        N/A       1%          3
d - Volatile Blastmotes   Fire/Tloc      76%        2d16      1%          3
e - Flame Wave            Conj/Fire      56%        2d13      1%          4
f - Dazzling Flash        Conj/Hex       100%       N/A       1%          3
g - Iskenderun's Mystic   Conj/Tloc      32%        2d8       11%         4

Your spell library contained the following spells:

 Spells                   Type           Power      Damage    Failure   Level
 Kiss of Death            Conj/Necr      100%       2d13      1%          1
 Magic Dart               Conj           100%       1d8       1%          1
 Slow                     Hex            100%       N/A       1%          1
 Ensorcelled Hibernation  Hex/Ice        60%        N/A       1%          2
 Searing Ray              Conj           100%       2d8       1%          2
 Confusing Touch          Hex            49%        N/A       1%          3
 Fulminant Prism          Conj/Hex       25%        3d14      2%          4
 Passwall                 Tmut/Erth      9%         N/A       8%          2
 Swiftness                Air            11%        N/A       16%         3
 Vampiric Draining        Necr           11%        2d6       16%         3
 Starburst                Conj/Fire      28%        6d9       21%         6
 Dispel Undead            Necr           11%        3d9       45%         4


Dungeon Overview and Level Annotations

Branches:
Dungeon (10/15)            Temple (0/1) D:5             Orc (0/2) D:9
Ossuary (visited)
   Lair: D:8-11

Altars:
Dithmenos
Gozag
Nemelex Xobeh
Sif Muna
Trog
Uskayaw
Wu Jian

Shops:
D:5 *

Annotations:
D:10 Snorg


Message History

There is a stone staircase leading up here.
You now have 158 gold pieces (gained 21).
Snorg the Insatiable comes into view.
Casting: Flame Wave (dangerous; 1% risk of failure)
Confirm with . or Enter, or press ? or * to list all spells.
A cloud of volatile blastmotes flares up around you!
Snorg shouts!
Snorg goes berserk!
The cloud of blastmotes explodes!
The concussive blast engulfs Snorg!
Snorg is lightly wounded.
You hear a roar!
You hear an angry hiss.
Snorg rages.
Snorg rages.
Snorg misses you. Snorg claws you. Snorg closely misses you.
Casting: Volatile Blastmotes (safe; 1% risk of failure)
Confirm with . or Enter, or press ? or * to list all spells.
Casting: Flame Wave (dangerous; 1% risk of failure)
Press: ? - help, Dir - look around, f - activate A wave of flame ripples out!
The flame wave engulfs Snorg!
Snorg is lightly wounded. (Press . to intensify the flame waves.)
You block Snorg's attack. x2; Snorg misses you.
A wave of flame ripples out!
The flame wave engulfs Snorg!
Snorg is moderately wounded.
The tree burns like a torch!
Snorg barely misses you. x2; Snorg claws you.
Snorg closely misses you. Snorg claws you! Snorg barely misses you.
A wave of flame ripples out!
The flame wave engulfs Snorg!
Snorg is moderately wounded.
The tree burns like a torch!
You finish channelling waves of flame.
Snorg misses you. Snorg claws you but does no damage.
Snorg completely misses you.
Casting: Flame Wave (dangerous; 1% risk of failure)
Confirm with . or Enter, or press ? or * to list all spells.
Flames lash Snorg.
Snorg is heavily wounded.
Snorg's fire resistance burns away.
Snorg bites you! Snorg claws you. Snorg claws you!
* * * LOW HITPOINT WARNING * * *
Snorg bites you!
You die...

#### $..
######.#######
...........T@#
..♣♣♣..|♣§§..#
#♣.♣###§§# ♣. #§§#
♣. #♣§# ###
.♣.♣♣♣..## ###.# ♣
♣......#######...#
♣.♣♣♣.............#
#♣.#.#####....#


You could see Snorg (berserk, combustible).

Vanquished Creatures
  Joseph (D:9)
  Maggie (D:8)
  An unseen horror (D:7)
  A troll (D:7)
  A spriggan (D:9)
  A vampire (D:8)
  2 wyverns
  A yak (D:8)
  2 steam dragons (D:8)
  A warg (D:9)
  A water moccasin (D:8)
  2 sky beasts
  2 ogres
  6 orc warriors
  2 ice beasts
  2 black bears
  3 centaurs
  2 phantoms
  A bullfrog (D:6)
  A scorpion (D:7)
  12 wights
  14 killer bees
  2 howler monkeys
  4 human zombies (Ossuary)
  A jelly (D:4)
  5 orc priests
  4 hounds
  3 iguanas
  6 orc wizards
  4 mummies (Ossuary)
  3 gnolls (D:5)
  7 adders
  A shadow imp (D:6)
  A white imp (D:8)
  An ufetubus (D:6)
  2 worms
  2 dart slugs
  26 orcs
  7 bats
  6 endoplasms
  3 giant cockroaches
  2 gnoll zombies (Ossuary)
  3 goblins
  6 hobgoblins
  9 jackals
  8 kobolds
  A quokka (D:2)
  9 ball pythons
  3 frilled lizards
  A hobgoblin zombie (Ossuary)
  5 rats
195 creatures vanquished.

Vanquished Creatures (collateral kills)
  A gnoll zombie (Ossuary)
  A foxfire (D:4)
2 creatures vanquished.

Vanquished Creatures (others)
  675 foxfires
  A fungus (D:10)
  4 plants
680 creatures vanquished.

Grand Total: 877 creatures vanquished

Notes
Turn   | Place    | Note
-------+----------+-------------------------------------------
     0 | D:1      | raph the Deep Elf Fire Elementalist began the quest for the
                  | Orb.
     0 | D:1      | Reached XP level 1. HP: 10/10 MP: 6/6
   248 | D:1      | Reached XP level 2. HP: 15/15 MP: 5/8
   387 | D:1      | Learned a level 2 spell: Scorch
   920 | D:1      | Reached skill level 4 in Fire Magic
  1007 | D:1      | You fall into a shaft and drop 1 floor!
  1014 | D:2      | Reached XP level 3. HP: 19/19 MP: 6/9
  1221 | D:2      | Learned a level 3 spell: Volatile Blastmotes
  2077 | D:3      | Reached XP level 4. HP: 24/24 MP: 7/11
  2253 | D:2      | Learned a level 3 spell: Inner Flame
  2458 | D:3      | Found an opulent altar of Gozag.
  2458 | D:3      | Found a shimmering blue altar of Sif Muna.
  2458 | D:3      | Found a sparkling altar of Nemelex Xobeh.
  2598 | D:3      | Reached skill level 1 in Hexes
  2646 | D:3      | Became a worshipper of Sif Muna the Loreminder
  2765 | D:3      | Identified the +7 double sword of Painful Death {drain,
                  | rPois rF+++ Int-2 Stlth+}
  2839 | D:3      | Noticed a black bear
  2845 | D:3      | Killed a black bear
  2846 | D:3      | Reached XP level 5. HP: 28/28 MP: 5/13
  2995 | D:4      | Reached skill level 5 in Fire Magic
  3139 | D:4      | Found a bloodstained altar of Trog.
  3175 | D:4      | Found a hide-covered altar of Uskayaw.
  3175 | D:4      | Noticed a +0 spear
  3176 | D:4      | Noticed a +0 dagger
  3177 | D:4      | Noticed a +0 falchion
  3178 | D:4      | Noticed a +0 short sword
  3180 | D:4      | Noticed a +0 spear
  3183 | D:4      | Noticed a +0 dagger
  3186 | D:4      | Noticed a +0 short sword
  3188 | D:4      | Noticed a +0 falchion
  3223 | D:4      | Found a sand-covered staircase.
  3230 | Ossuary  | Entered an ossuary
  3249 | Ossuary  | Reached XP level 6. HP: 29/32 MP: 8/14
  3765 | Ossuary  | Learned a level 4 spell: Flame Wave
  3822 | Ossuary  | Reached skill level 5 in Spellcasting
  4102 | D:4      | Reached XP level 7. HP: 25/36 MP: 7/16
  4259 | D:4      | Learned a level 3 spell: Dazzling Flash
  4673 | D:5      | Entered Level 5 of the Dungeon
  4982 | D:5      | Found a staircase to the Ecumenical Temple.
  5458 | D:5      | Found Piasij's General Store.
  5461 | D:5      | Bought a potion of heal wounds for 60 gold pieces
  5461 | D:5      | Bought a potion of haste for 120 gold pieces
  5594 | D:5      | Reached skill level 6 in Fire Magic
  5594 | D:5      | Reached skill level 1 in Invocations
  5693 | D:6      | Reached skill level 1 in Fighting
  6024 | D:6      | Reached skill level 5 in Conjurations
  6024 | D:6      | Reached XP level 8. HP: 35/43 MP: 8/18
  6163 | D:6      | Identified the +5 dagger of the Furious {flame, rPois rF+
                  | Int+2}
  6823 | D:7      | Killed an unseen horror
  6824 | D:7      | Reached skill level 5 in Hexes
  6824 | D:7      | Reached skill level 7 in Fire Magic
  7002 | D:7      | Noticed a troll
  7057 | D:7      | Killed a troll
  7058 | D:7      | Reached XP level 9. HP: 49/49 MP: 11/21
  7262 | D:7      | Reached * piety under Sif Muna
  7562 | D:7      | Found a shadowy altar of Dithmenos.
  7728 | D:5      | Bought a +0 pair of gloves for 54 gold pieces
  8085 | D:8      | Reached skill level 8 in Fire Magic
  8206 | D:8      | Reached skill level 5 in Dodging
  8507 | D:8      | Noticed Maggie
  8518 | D:8      | Killed Maggie
  9110 | D:8      | Reached skill level 9 in Fire Magic
  9110 | D:8      | Reached XP level 10. HP: 56/56 MP: 8/23
  9656 | D:9      | Reached ** piety under Sif Muna
  9697 | D:9      | Learned a level 4 spell: Iskenderun's Mystic Blast
  9704 | D:9      | Found a staircase to the Orcish Mines.
 10221 | D:9      | Noticed Joseph
 10232 | D:9      | Killed Joseph
 10585 | D:9      | Reached skill level 5 in Invocations
 11325 | D:10     | Entered Level 10 of the Dungeon
 11344 | D:10     | Found an ornate altar of the Wu Jian Council.
 11393 | D:10     | Noticed Snorg
 11403 | D:10     | Mangled by Snorg

Illustrated notes

Levels and vault maps discovered:
D:1:      beargit_arrival_greenhouse, layout_basic
D:2:      layout_rooms, skrybe_limestone_x
D:3:      layout_rooms, gammafunk_temple_overflow_claw
D:4:      layout_cave_pools, nicolae_uskayaw_en_pointe, lemuel_round_altar,
          enter_ossuary_2, serial_bayou, serial_bayou_pond_e,
          serial_bayou_pond_a, serial_bayou_pond_c, serial_bayou_pond_e
D:5:      layout_loops_ring, temple_hall, serial_shops, shop
D:6:      layout_basic
D:7:      layout_cave_pools, lemuel_round_altar
D:8:      layout_basic, minmay_fractal_squares_5, uniq_maggie
D:9:      layout_loops_corners, david_orc_3, the_hattery, uniq_joseph
D:10:     layout_gridville, nzn_wu_jian_council_hall, david_lair_generic,
          minmay_stone_trees_medium, minmay_shattered_shrine, uniq_snorg

Skill      XL: |  1  2  3  4  5  6  7  8  9 10 |
---------------+-------------------------------+-----
Conjurations   | 2 3 4 5 6 7 |  7.7
Fire Magic     | 4 5 6 7 9 |  9.8
Hexes          | 2 3 4 5 6 7 |  7.0
Spellcasting   | 4 5 6 7 8 |  8.5
Dodging        | 3 4 5 6 |  6.4
Invocations    | 1 3 4 5 |  5.1
Fighting       | 1 2 3 4 |  4.0
Stealth        | |  2.4

Action                     |  1- 3 |  4- 6 |  7- 9 | 10-12 || total
---------------------------+-------+-------+-------+-------++-------
  Melee: Dagger            |       |     1 |       |     1 ||     2
         Double sword      |       |     2 |     1 |       ||     3
   Cast: Foxfire           |    96 |    83 |   179 |    49 ||   407
         Scorch            |    11 |    13 |    35 |    13 ||    72
         Volatile Blastmot |       |     1 |     4 |     3 ||     8
         Flame Wave        |       |     3 |    11 |    13 ||    27
         Inner Flame       |       |       |     1 |     3 ||     4
         Iskenderun's Myst |       |       |       |     4 ||     4
         Dazzling Flash    |       |       |       |     1 ||     1
 Invoke: Channel Magic     |       |       |       |     2 ||     2
  Evoke: Wand              |       |       |     1 |     1 ||     2
    Use: Potion            |     1 |       |     1 |     1 ||     3
         Scroll            |       |    12 |     8 |       ||    20
   Stab: Sleeping          |       |     1 |       |       ||     1
 Armour: Robe              |     6 |     3 |     4 |       ||    13
         Steam dragon scal |       |       |     4 |     5 ||     9
  Dodge: Dodged            |    23 |    11 |    12 |    30 ||    76
  Block: Other             |       |     7 |     6 |     8 ||    21
